 Dungeon Crawl Stone Soup version 0.21.0-25-ge575cb9 (webtiles) character file.

6545 Moloch the Destroyer (level 11, -8/61 HPs)
             Began as an Octopode Fire Elementalist on Jan 24, 2018.
             Was a Priest of Vehumet.
             Mangled by an eight-headed hydra (15 damage)
             ... on level 11 of the Dungeon.
             The game lasted 00:35:10 (13223 turns).

Moloch the Destroyer (Octopode Fire Elementalist)  Turns: 13223, Time: 00:35:11

Health: -8/61      AC:  1    Str: 13    XL:     11   Next: 1%
Magic:  22/32      EV: 14    Int: 21    God:    Vehumet [***...]
Gold:   543        SH:  8    Dex: 17    Spells: 10/26 levels left

rFire    + + +     SeeInvis .   C - +0 falchion "Demonbane" {elec, *Noise rElec rF+ Str+5}
rCold    + . .     Gourm    .   (no shield)
rNeg     . . .     Faith    .   (helmet restricted)
rPois    .         Spirit   .   r - brooch of Shielding {Reflect SH+8}
rElec    +         Reflect  +   p - ring of protection from cold
rCorr    .         Harm     .   m - ring of protection from fire
MR       +....                  q - ring of protection from fire
Stlth    +++.......             A - ring of wizardry
HPRegen  0.20/turn              B - ring of protection from magic
MPRegen  0.23/turn              k - ring of magical power
                                N - +5 ring of dexterity
                                (no ring)

@: no status effects
A: almost no armour, stealthy swim, amphibious, 8 rings, constrict 8, camouflage
1, gelatinous body 1
a: Renounce Religion


You were on level 11 of the Dungeon.
You worshipped Vehumet.
Vehumet was most pleased with you.
You were not hungry.

You visited 2 branches of the dungeon, and saw 12 of its levels.

You collected 543 gold pieces.

Inventory:

Hand Weapons
 u - a +1 trident
 C - the +0 falchion "Demonbane" (weapon) {elec, *Noise rElec rF+ Str+5}
   (You took it off an orc on level 6 of the Dungeon)

   Occasionally, upon striking a foe, it will discharge some electrical energy
   and cause terrible harm.
   It affects your strength (+5).
   It protects you from fire.
   It insulates you from electricity.
   It may make noises in combat.
Missiles
 D - a throwing net (quivered)
Armour
 L - a +2 buckler
Magical Staves
 K - an uncursed staff of wizardry
Jewellery
 k - a ring of magical power (on tentacle)
 m - a ring of protection from fire (right tentacle)
 o - an uncursed ring of flight
 p - a ring of protection from cold (left tentacle)
 q - a ring of protection from fire (on tentacle)
 r - the brooch of Shielding (around mantle) {Reflect SH+8}
   (You found it on level 4 of the Dungeon)

   [amulet of reflection]

   It shields you and reflects attacks.
   It affects your SH (+8).
 A - a ring of wizardry (on tentacle)
 B - a ring of protection from magic (on tentacle)
 F - an uncursed amulet of magic regeneration
 N - a +5 ring of dexterity (on tentacle)
 O - an uncursed ring of protection from magic
Wands
 w - a wand of iceblast (7)
 J - a wand of polymorph (19)
 M - a wand of flame (14)
Scrolls
 d - a scroll of enchant weapon
 e - 3 scrolls of blinking
 f - a scroll of random uselessness {unknown}
 h - 2 scrolls of enchant armour
 s - 3 scrolls of immolation {unknown}
 t - 2 scrolls of fog {unknown}
 x - a scroll of amnesia {unknown}
 y - 4 scrolls of teleportation
 G - 5 scrolls of identify
 H - 2 scrolls of remove curse
 I - 2 scrolls of vulnerability {unknown}
Potions
 c - 2 potions of berserk rage {unknown}
 g - 2 potions of resistance {unknown}
 i - 2 potions of flight
 j - 4 potions of might {unknown}
 l - 3 potions of heal wounds
 n - 4 potions of curing
 v - a potion of cancellation
 z - 3 potions of lignification {unknown}
 E - a potion of invisibility {unknown}
Books
 a - a book of Flames

   Spells                             Type                      Level
   a - Flame Tongue                   Conjuration/Fire             1
   b - Throw Flame                    Conjuration/Fire             2
   c - Conjure Flame                  Conjuration/Fire             3
   d - Inner Flame                    Hexes/Fire                   3
   e - Sticky Flame                   Conjuration/Fire             4
   f - Fireball                       Conjuration/Fire             5
Comestibles
 b - 22 rations


   Skills:
 - Level 2.0 Dodging
 - Level 2.6 Stealth
 + Level 8.4 Spellcasting
 + Level 11.1 Conjurations
 + Level 8.7 Fire Magic


You had 10 spell levels left.
You knew the following spells:

 Your Spells              Type           Power        Failure   Level  Hunger
a - Flame Tongue          Conj/Fire      #####        1%          1    None
b - Conjure Flame         Conj/Fire      ######..     1%          3    None
c - Sticky Flame          Conj/Fire      ######..     1%          4    ###....
d - Fireball              Conj/Fire      ######....   1%          5    #####..
e - Ignite Poison         Fire/Tmut/Pois ###.....     1%          3    None


Dungeon Overview and Level Annotations

Branches:
Dungeon (11/15)            Temple (1/1) D:7            Lair (0/6) D:11
    Orc: D:9-12

Altars:
Ashenzari
Cheibriados
Dithmenos
Elyvilon
Fedhas
Gozag
Hepliaklqana
Kikubaaqudgha
Nemelex Xobeh
Okawaru
Qazlal
Ru
Sif Muna
Trog
Uskayaw
Vehumet
Wu Jian
Xom
Yredelemnul
Zin
The Shining One

Shops:
D:4 =

Annotations:
D:3 exclusion: iron imp
D:5 1 runed door


Innate Abilities, Weirdness & Mutations

You cannot wear most types of armour.
You are very stealthy in the water. (Stealth+)
You are amphibious.
You can wear up to eight rings at the same time.
You can use your tentacles to constrict eight enemies at once.
Your skin changes colour to match your surroundings (Stealth+).
Your rubbery body absorbs attacks. (AC +1, EV +1)


Message History

Casting: Conjure Flame
Confirm with . or Enter, or press ? or * to list all spells.
Aiming: Conjure Flame
Press: ? - help, Dir - move target cursor The fire ignites!
The eight-headed hydra is engulfed in blazing flames.
Casting: Conjure Flame
Confirm with . or Enter, or press ? or * to list all spells.
Aiming: Flame Tongue
Press: ? - help, Shift-Dir - straight line, f - eight-headed hydra
Aim: an eight-headed hydra (flame, heavily wounded)
The flame tongue hits the eight-headed hydra.
The eight-headed hydra is heavily wounded.
The eight-headed hydra is engulfed in blazing flames.
The eight-headed hydra bites you! x2; The eight-headed hydra misses you.
The eight-headed hydra bites you. The eight-headed hydra bites you!
The eight-headed hydra bites you. The eight-headed hydra bites you!
* * * LOW HITPOINT WARNING * * *
The eight-headed hydra bites you!
You die...

#.. #... ..... ##.# ##
#...#....# #..# ...
###D.......# #..###.# ..
!.........# #......# #.
#..%.....#
#.##.######.####
#........# #.#
...........###........###
#<# .###
##.....#####........ #.#
.# #.....@D§§†...##.##.
#.# .# #...†..######.#
#.# .# #.....## .# #..
........#### .# ###
#####.# .# #> .. # ##


You could see an eight-headed hydra.

Vanquished Creatures
  2 two-headed ogres (D:8)
  A cyclops (D:10)
  Menkaure (D:5)
  2 hungry ghosts
  Edmund (D:5)
  A water moccasin (D:9)
  2 soldier ants (D:10)
  5 orc warriors
  2 sky beasts
  2 phantoms
  3 ogres
  A centaur (D:8)
  A big kobold (D:9)
  3 bullfrogs
  3 gnoll sergeants
  7 scorpions
  4 howler monkeys
  4 crimson imps
  A centaur zombie (D:6)
  2 jellies
  A quasit (D:8)
  5 gnoll shamans (D:6)
  4 hounds
  6 orc priests
  2 bullfrog skeletons
  A centaur skeleton (D:8)
  2 iguanas
  10 orc wizards
  8 worker ants
  36 gnolls
  13 adders
  2 shadow imps
  2 oozes (D:1)
  2 adder skeletons
  3 worms
  3 dart slugs
  4 leopard geckos
  52 orcs
  7 bats
  7 giant cockroaches
  4 goblins
  4 hobgoblins
  36 jackals
  4 quokkas
  A ball python (D:3)
  10 frilled lizards
  A jackal skeleton (D:4)
  11 kobolds
  A quokka skeleton (D:8)
  10 rats
  A butterfly (D:5)
301 creatures vanquished.

Vanquished Creatures (others)
  A human (D:6)
  An orc (D:6)
2 creatures vanquished.

Grand Total: 303 creatures vanquished

Notes
Turn   | Place    | Note
-------+----------+-------------------------------------------
     0 | D:1      | Moloch the Octopode Fire Elementalist began the quest for the Orb.
     0 | D:1      | Reached XP level 1. HP: 11/11 MP: 3/3
    85 | D:1      | You fall through a shaft!
   116 | D:1      | Reached XP level 2. HP: 13/17 MP: 0/5
   757 | D:1      | Reached XP level 3. HP: 21/21 MP: 3/6
   762 | D:1      | Learned a level 3 spell: Conjure Flame
  1250 | D:2      | Found a deep blue altar of Sif Muna.
  1273 | D:2      | Reached skill level 2 in Conjurations
  1620 | D:2      | Reached XP level 4. HP: 27/27 MP: 5/7
  1626 | D:2      | Learned a level 4 spell: Sticky Flame
  1814 | D:3      | Found an ornate altar of the Wu Jian Council.
  1863 | D:3      | Found an ancient bone altar of Kikubaaqudgha.
  2213 | D:3      | Found a blossoming altar of Fedhas.
  2799 | D:4      | Reached skill level 3 in Conjurations
  2799 | D:4      | Reached XP level 5. HP: 31/31 MP: 4/9
  2914 | D:4      | Found the brooch of Shielding {Reflect SH+8}
  3216 | D:4      | Found Foel's Jewellery Shoppe.
  3579 | D:4      | Reached XP level 6. HP: 36/36 MP: 6/11
  3962 | D:5      | Entered Level 5 of the Dungeon
  4059 | D:5      | Reached skill level 4 in Conjurations
  4114 | D:5      | Noticed Menkaure
  4475 | D:5      | Noticed Edmund
  4490 | D:5      | Killed Edmund
  4490 | D:5      | Reached XP level 7. HP: 40/41 MP: 4/13
  4564 | D:5      | Reached skill level 5 in Fire Magic
  5050 | D:5      | Reached skill level 5 in Conjurations
  5356 | D:5      | Killed Menkaure
  5498 | D:5      | Found a runed door.
  5516 | D:5      | Found a runed door.
  5556 | D:5      | Learned a level 5 spell: Fireball
  5722 | D:5      | Reached XP level 8. HP: 46/46 MP: 11/15
  6097 | D:6      | Reached skill level 5 in Spellcasting
  6097 | D:6      | Reached skill level 6 in Conjurations
  6160 | D:6      | Found an ancient bone altar of Kikubaaqudgha.
  6885 | D:6      | Got a bloodstained falchion {elec}
  6927 | D:6      | Reached skill level 7 in Conjurations
  7107 | D:6      | Identified the cursed +0 falchion "Demonbane" {elec, *Noise rElec rF+ Str+5} (You took it off an orc on level 6 of the Dungeon)
  7155 | D:6      | Reached XP level 9. HP: 51/51 MP: 11/17
  7636 | D:7      | Found a staircase to the Ecumenical Temple.
  7652 | Temple   | Entered the Ecumenical Temple
  7805 | Temple   | Became a worshipper of Vehumet
  8356 | D:7      | Reached skill level 8 in Conjurations
  8959 | D:8      | Reached * piety under Vehumet
  8959 | D:8      | Offered knowledge of Sandblast by Vehumet.
  9065 | D:8      | Noticed a two-headed ogre
  9074 | D:8      | Killed a two-headed ogre
  9074 | D:8      | Reached skill level 9 in Conjurations
  9373 | D:8      | Reached XP level 10. HP: 54/56 MP: 15/20
  9517 | D:8      | Offered knowledge of Sting by Vehumet.
  9632 | D:8      | Reached ** piety under Vehumet
 10214 | D:8      | Noticed a two-headed ogre
 10238 | D:8      | Killed a two-headed ogre
 10238 | D:8      | Reached skill level 10 in Conjurations
 10874 | D:9      | Found a shimmering altar of Xom.
 11053 | D:9      | Found a sparkling altar of Nemelex Xobeh.
 11167 | D:9      | Offered knowledge of Ignite Poison by Vehumet.
 11172 | D:9      | Learned a level 3 spell: Ignite Poison
 11717 | D:10     | Entered Level 10 of the Dungeon
 11835 | D:10     | Noticed a cyclops
 11974 | D:10     | Found a basalt altar of Yredelemnul.
 12328 | D:10     | Killed a cyclops
 12619 | D:10     | Reached *** piety under Vehumet
 12632 | D:10     | Reached skill level 11 in Conjurations
 12906 | D:10     | Reached XP level 11. HP: 38/61 MP: 23/23
 13196 | D:11     | Found a staircase to the Lair.
 13212 | D:11     | Noticed an eight-headed hydra
 13223 | D:11     | Mangled by an eight-headed hydra

Skill      XL: |  1  2  3  4  5  6  7  8  9 10 |
---------------+-------------------------------+-----
Conjurations   | 2 3 4 5 7 9 11 | 11.1
Fire Magic     | 4 5 6 7 8 |  8.7
Spellcasting   | 3 4 5 7 8 |  8.4
Dodging        | |  2.0
Stealth        | |  2.6

Action                   |  1- 3 |  4- 6 |  7- 9 | 10-12 || total
-------------------------+-------+-------+-------+-------++-------
Melee: Unarmed           |    12 |     5 |       |       ||    17
       Tentacles         |     2 |     2 |     3 |     4 ||    11
       Constrict         |     2 |     2 |     3 |     3 ||    10
       Trident           |       |     4 |    12 |       ||    16
       Falchion          |       |       |     2 |    11 ||    13
 Cast: Flame Tongue      |    76 |   109 |   305 |   249 ||   739
       Sticky Flame      |       |     4 |    10 |     8 ||    22
       Conjure Flame     |       |     1 |     5 |    14 ||    20
       Fireball          |       |       |     3 |     7 ||    10
  Use: Scroll            |       |     3 |     7 |       ||    10
 Stab: Distracted        |       |       |     1 |       ||     1
  Eat: Chunk             |     3 |     7 |    17 |    11 ||    38
       Ration            |       |     1 |       |     1 ||     2
Armor: Skin              |     4 |     2 |     2 |     3 ||    11
Dodge: Dodged            |    24 |    39 |    31 |    26 ||   120
Block: Other             |       |    20 |    33 |    29 ||    82
       Reflection        |       |       |     3 |     3 ||     6
       Rpst.: Falchion   |       |       |     4 |     2 ||     6
